 Dungeon Crawl Stone Soup version 0.31-a0-263-ge8cad7f256 (webtiles) character file.

Game seed: 15233155160083326993

301 qw the Shooter (level 6, 0/37 HPs)
             Began as a Gargoyle Hexslinger on July 13, 2023.
             Was an Initiate of Okawaru.
             Slain by a goblin
             ... wielding a +0 club
             ... led by Robin
              (1 damage)
             ... on level 3 of the Dungeon.
             The game lasted 00:01:25 (2741 turns).

qw the Shooter (Gargoyle Hexslinger)                Turns: 2741, Time: 00:01:26

Health: 0/37       AC:  9    Str: 11    XL:     6   Next: 37%
Magic:  7/7        EV: 10    Int: 14    God:    Okawaru [......]
Gold:   167        SH:  0    Dex: 14    Spells: 6/7 levels left

rFire   . . .        Y - +4 sling
rCold   . . .        (no shield)
rNeg    + . .        f - +0 ring mail
rPois   inf          (no helmet)
rElec   +            (no cloak)
rCorr   .            (no gloves)
SInv    .            (no boots)
Will    .....        (no amulet)
Stlth   +            (no ring)
HPRegen 0.26/turn    (no ring)
MPRegen 0.10/turn

%: no passive effects
@: no status effects
A: sickness immunity, AC +4, negative energy resistance 1, electricity
resistance, torment resistance 1, petrification resistance, hooves 2
a: Renounce Religion


You were on level 3 of the Dungeon.
You worshipped Okawaru.
Okawaru was noncommittal.
You visited 2 branches of the dungeon, and saw 6 of its levels.

You collected 167 gold pieces.


Innate Abilities, Weirdness & Mutations

You are immune to sickness and miasma.
Your stone body is resilient. (AC +4)
You are immune to poison.
You resist negative energy. (rN+)
You are resistant to electric shocks. (rElec)
You are resistant to unholy torment.
You are immune to petrification.
You have hoof-like feet.


   Skills:
 - Level 3.0 Fighting
 + Level 5.5 Ranged Weapons
 - Level 1.9 Armour
 - Level 1.5 Dodging
 - Level 1.0 Spellcasting
 - Level 2.6 Hexes


You had 6 spell levels left.
You knew the following spells:

 Your Spells              Type           Power      Damage    Failure   Level
a - Slow                  Hex            32%        N/A       21%         1

Your spell library contained the following spells:

 Spells                   Type           Power      Damage    Failure   Level
 Inner Flame              Hex/Fire       4%         N/A       71%         3
 Portal Projectile        Hex/Tloc       8%         N/A       71%         3
 Cause Fear               Hex            4%         N/A       90%         4

Inventory:

Hand Weapons
 Y - a +4 sling (weapon)
Armour
 f - a +0 ring mail (worn)
Scrolls
 k - a scroll of identify
Potions
 a - a potion of mutation
 d - a potion of resistance
 j - a potion of enlightenment

Dungeon Overview and Level Annotations

Branches:
Dungeon (5/15)             Temple (1/1) D:4

Altars:
Ashenzari
Cheibriados
Elyvilon
Fedhas
Hepliaklqana
Nemelex Xobeh
Okawaru
Qazlal
Ru
Sif Muna
Trog
Uskayaw
Vehumet
Xom
Yredelemnul
Zin
The Shining One

Shops:
D:2 (

Annotations:
D:3 Robin


Message History

The sling bullet closely misses the goblin.
The goblin no longer looks unusually strong.
The hobgoblin barely misses you. The goblin closely misses you. x2
Robin roars a battlecry!
The goblins go into a battle-frenzy!
You shoot a sling bullet. The sling bullet hits the goblin!
You kill the goblin!
Okawaru accepts your kill.
The hobgoblin hits you but does no damage.
Robin throws the goblin at you! The goblin hits you but does no damage.
You shoot a sling bullet.
The sling bullet barely misses the goblin.
The goblin barely misses you. The hobgoblin barely misses you.
The goblin misses you.
You shoot a sling bullet.
The sling bullet completely misses the goblin.
The goblin hits you but does no damage. The hobgoblin hits you.
The goblin barely misses you. The goblin hits you but does no damage.
The goblin barely misses you. The hobgoblin barely misses you.
You shoot a sling bullet. The sling bullet hits the goblin.
You kill the goblin!
Okawaru accepts your kill. The hobgoblin hits you.
The goblin hits you with a +0 dagger.
You shoot a sling bullet.
The sling bullet barely misses the goblin.
Robin throws the goblin at you! The goblin hits you but does no damage.
The hobgoblin hits you. The goblin closely misses you.
You shoot a sling bullet. The sling bullet hits the goblin.
The goblin is heavily wounded.
The goblin barely misses you.
The hobgoblin hits you but does no damage.
The goblin hits you with a +0 dagger. The goblin hits you but does no damage.
The goblin hits you with a +0 club. The hobgoblin barely misses you.
You shoot a sling bullet. The sling bullet misses the goblin.
The goblin hits you with a +0 club. The hobgoblin hits you.
The goblin hits you with a +0 dagger.
You shoot a sling bullet. The sling bullet hits the goblin.
The goblin is severely wounded.
The goblin hits you with a +0 club.
You die...

###########
####.........#
#............#
##.##.........# #
####[.).)........####.#.#
..)......................
###..._............##.#..
.....P.P.########g##
.........# #@g#
....##..|.. #g## ....#
#..... #g# ....# .....
.g. ....# ..... )..##
....# ..### ....# ...
....# .... ....# ....


You could see Robin, a hobgoblin (strong) and 3 goblins.

Vanquished Creatures
  Terence (D:2)
  Natasha (D:3)
  An orc wizard (D:3)
  10 adders
  3 gnolls (D:4)
  A dart slug (D:1)
  A worm (D:2)
  9 orcs
  6 ball pythons
  5 bats (D:1)
  13 endoplasms
  3 giant cockroaches
  9 goblins
  6 hobgoblins
  3 jackals (D:2)
  3 kobolds
  3 quokkas
  6 frilled lizards
  7 rats
91 creatures vanquished.

Notes
Turn   | Place    | Note
-------+----------+-------------------------------------------
     0 | D:1      | qw the Gargoyle Hexslinger began the quest for the Orb.
     0 | D:1      | Reached XP level 1. HP: 12/12 MP: 2/2
     0 | D:1      | 0 ||| qw: Version: 0.3-a-52-g30416fa
     0 | D:1      | 0 ||| qw: Game counter: 7378
     0 | D:1      | 0 ||| qw: Melee chars always use a shield: true
     0 | D:1      | 0 ||| qw: God list: Okawaru
     0 | D:1      | 0 ||| qw: Allow faded altars: false
     0 | D:1      | 0 ||| qw: Do Orc after clearing Dungeon:15 true
     0 | D:1      | 0 ||| qw: Do second Lair branch before Depths: true
     0 | D:1      | 0 ||| qw: Lair rune preference: random
     0 | D:1      | 0 ||| qw: Goals: Normal
     0 | D:1      | 0 ||| PLANNING D:1-11
   164 | D:1      | Reached XP level 2. HP: 16/16 MP: 3/3
   265 | D:1      | Reached skill level 3 in Ranged Weapons
   575 | D:1      | Reached XP level 3. HP: 21/21 MP: 4/4
   783 | D:1      | 783 ||| UPGRADING to +0 ring mail.
   793 | D:1      | 793 ||| DROPPING +0 robe.
   794 | D:1      | 794 ||| READING 2 scrolls labelled SUNNEWUOVOAS.
   795 | D:1      | 795 ||| READING scroll labelled YLUALO GENOEL.
   796 | D:1      | 796 ||| READING scroll labelled IMIQORYMOC.
   797 | D:1      | 797 ||| READING 2 scrolls labelled WELISO NUODA.
   800 | D:1      | 800 ||| READING 2 scrolls labelled XOREBU SIJY.
   801 | D:1      | 801 ||| DRINKING 2 fuming dark potions.
   802 | D:1      | 802 ||| DROPPING scroll of revelation.
   803 | D:1      | 803 ||| DROPPING scroll of poison.
   804 | D:1      | 804 ||| DROPPING potion of brilliance.
   846 | D:2      | Found Joiruelo's Weapon Boutique.
   918 | D:2      | 918 ||| FLEEEEING.
   919 | D:2      | 919 ||| FLEEEEING.
   920 | D:2      | 920 ||| FLEEEEING.
   922 | D:2      | 922 ||| FLEEEEING.
   923 | D:2      | 923 ||| FLEEEEING.
   924 | D:2      | 924 ||| FLEEEEING.
   940 | D:2      | 940 ||| READING scroll of enchant weapon.
   940 | D:2      | 940 ||| ENCHANTING +2 sling.
   965 | D:2      | Found a faded altar of an unknown god.
   986 | D:2      | Reached XP level 4. HP: 26/26 MP: 5/5
  1002 | D:2      | Reached skill level 4 in Ranged Weapons
  1085 | D:2      | Noticed Terence
  1094 | D:2      | Killed Terence
  1095 | D:2      | Reached skill level 1 in Armour
  1190 | D:2      | 1190 ||| READING scroll of enchant weapon.
  1190 | D:2      | 1190 ||| ENCHANTING +3 sling.
  1238 | D:2      | Reached XP level 5. HP: 29/30 MP: 6/6
  1728 | D:3      | Reached skill level 5 in Ranged Weapons
  1909 | D:3      | You fall into a shaft and drop 2 floors!
  1909 | D:5      | Entered Level 5 of the Dungeon
  1980 | D:5      | 1980 ||| READING scroll labelled UHOKIU MAYRAA.
  1981 | D:5      | 1981 ||| READING scroll labelled OKHUYT POCVAOTS.
  1982 | D:5      | 1982 ||| DRINKING 2 bubbling sapphire potions.
  1982 | D:5      | Gained mutation: You have large cloven feet. [potion of
                  | mutation]
  1982 | D:5      | Gained mutation: You have hoof-like feet. [potion of
                  | mutation]
  1983 | D:5      | 1983 ||| DRINKING 3 cyan potions.
  2018 | D:5      | 2018 ||| READING 3 scrolls of identify.
  2018 | D:5      | 2018 ||| IDENTIFYING viscous clear potion
  2019 | D:5      | 2019 ||| READING 2 scrolls of identify.
  2019 | D:5      | 2019 ||| IDENTIFYING inky potion
  2020 | D:5      | 2020 ||| DROPPING 2 potions of lignification.
  2136 | D:4      | Found a staircase to the Ecumenical Temple.
  2137 | D:4      | 2137 ||| PLANNING TEMPLE
  2145 | Temple   | Entered the Ecumenical Temple
  2230 | Temple   | 2230 ||| PLANNING OKAWARU WORSHIP
  2344 | Temple   | Became a worshipper of Warmaster Okawaru
  2345 | Temple   | 2345 ||| PLANNING D:1-11
  2369 | D:4      | 2369 ||| Stepping ~*~*~tactically~*~*~ (outnumbered).
  2371 | D:4      | 2371 ||| Stepping ~*~*~tactically~*~*~ (outnumbered).
  2379 | D:4      | Reached skill level 3 in Fighting
  2379 | D:4      | Reached XP level 6. HP: 37/37 MP: 7/7
  2431 | D:3      | Found a blossoming altar of Fedhas.
  2447 | D:3      | Noticed Natasha
  2456 | D:3      | HP: 9/37 [cerulean imp/+0 spear[Natasha] (4)]
  2457 | D:3      | 2457 ||| READING scroll of teleportation.
  2507 | D:3      | 2507 ||| FLEEEEING.
  2508 | D:3      | 2508 ||| FLEEEEING.
  2509 | D:3      | 2509 ||| FLEEEEING.
  2510 | D:3      | 2510 ||| FLEEEEING.
  2511 | D:3      | 2511 ||| FLEEEEING.
  2512 | D:3      | 2512 ||| FLEEEEING.
  2513 | D:3      | 2513 ||| FLEEEEING.
  2514 | D:3      | 2514 ||| FLEEEEING.
  2515 | D:3      | 2515 ||| FLEEEEING.
  2516 | D:3      | 2516 ||| FLEEEEING.
  2517 | D:3      | 2517 ||| FLEEEEING.
  2518 | D:3      | 2518 ||| FLEEEEING.
  2520 | D:3      | 2520 ||| FLEEEEING.
  2521 | D:3      | 2521 ||| FLEEEEING.
  2522 | D:3      | 2522 ||| FLEEEEING.
  2523 | D:3      | 2523 ||| FLEEEEING.
  2524 | D:3      | 2524 ||| FLEEEEING.
  2525 | D:3      | 2525 ||| FLEEEEING.
  2526 | D:3      | 2526 ||| FLEEEEING.
  2527 | D:3      | 2527 ||| FLEEEEING.
  2528 | D:3      | 2528 ||| FLEEEEING.
  2529 | D:3      | 2529 ||| FLEEEEING.
  2530 | D:3      | 2530 ||| FLEEEEING.
  2531 | D:3      | 2531 ||| FLEEEEING.
  2532 | D:3      | 2532 ||| FLEEEEING.
  2533 | D:3      | 2533 ||| FLEEEEING.
  2534 | D:3      | 2534 ||| FLEEEEING.
  2535 | D:3      | 2535 ||| FLEEEEING.
  2536 | D:3      | 2536 ||| FLEEEEING.
  2537 | D:3      | 2537 ||| FLEEEEING.
  2538 | D:3      | 2538 ||| STAIRDANCE
  2570 | D:3      | 2570 ||| STAIRDANCE
  2717 | D:3      | Noticed Robin
  2727 | D:3      | Killed Natasha
  2728 | D:3      | 2728 ||| Stepping ~*~*~tactically~*~*~ (outnumbered).
  2739 | D:3      | HP: 8/37 [goblin/+0 dagger[Robin] (2)]
  2740 | D:3      | HP: 1/37 [goblin/+0 dagger[Robin] (3)]
  2741 | D:3      | Slain by a goblin

Levels and vault maps discovered:
D:1:      psy_arrival_radial01, layout_loops_ring
D:2:      layout_rooms, serial_shops, nicolae_shop_tiny_waterfront,
          chequers_ecumenical_altar_twisty, uniq_terence
D:3:      layout_basic, fedhas_altar_1, uniq_natasha, uniq_robin
D:4:      minmay_door_path, layout_rooms, lemuel_tele_altar,
          minmay_temple_entry_slanted
D:5:      layout_basic, nzn_wu_jian_contemplation
Temple:   nicolae_temple_slightly_damp_pantheon

Skill      XL: |  1  2  3  4  5 |
---------------+----------------+-----
Ranged Weapons | 3 4 5 |  5.5
Fighting       | 2 3 |  3.0
Armour         | 1 |  1.9
Dodging        | |  1.5
Spellcasting   | |  1.0
Hexes          | |  2.6

Action                     |  1- 3 |  4- 6 || total
---------------------------+-------+-------++-------
   Fire: Sling             |    93 |   218 ||   311
    Use: Scroll            |     6 |     6 ||    12
         Potion            |     1 |     2 ||     3
 Armour: Robe              |     4 |       ||     4
         Ring mail         |    10 |   119 ||   129
  Dodge: Dodged            |    18 |    98 ||   116

Table legend:
 A = Non-vault XP
 B = Vault XP
 C = Vault XP percentage of total XP
 D = Non-vault monster count
 E = Vault monster count
 F = Vault count percentage of total count
                 A         B        C        D         E       F
            +---------+---------+-------+---------+---------+-------
      Total |     343 |      87 |  20.2 |      83 |       8 |   8.8
            +---------+---------+-------+---------+---------+-------
        D:1 |      40 |       0 |   0.0 |      24 |       0 |   0.0
        D:2 |     103 |      40 |  28.0 |      28 |       1 |   3.4
        D:3 |     112 |      47 |  29.6 |      22 |       7 |  24.1
        D:4 |      74 |       0 |   0.0 |       8 |       0 |   0.0
        D:5 |      14 |       0 |   0.0 |       1 |       0 |   0.0
            +---------+---------+-------+---------+---------+-------
